 Dungeon Crawl Stone Soup version 0.29-a0-392-g297d3b089c (webtiles) character file.

Game seed: 8340118728820633857

3332 happo123 the Grappler (level 9, -3/85 HPs)
             Began as a Troll Berserker on May 8, 2022.
             Was an Elder of Trog.
             Slain by a wolf (8 damage)
             ... led by Grum
             ... on level 9 of the Dungeon.
             The game lasted 00:30:08 (6424 turns).

happo123 the Grappler (Troll Berserker)             Turns: 6424, Time: 00:30:10

Health: -3/85      AC:  8    Str: 36    XL:     9   Next: 71%
Magic:  17/17      EV: 11    Int:  6    God:    Trog [****..]
Gold:   496        SH:  5    Dex:  9    Spells: 8/8 levels left

rFire   + + .      SeeInvis .   I - +4 flail "Goutedgh" {vorpal, +Blink Will- Str+5}
rCold   x . .      Faith    .   (no shield)
rNeg    . . .      Spirit   .   H - +1 robe of Youthful Indiscretion {MP+9 Int+3}
rPois   .          Reflect  +   (helmet restricted)
rElec   .          Harm     .   h - +2 cloak
rCorr   .          Rampage  .   (gloves unavailable)
Will    .....                   (boots unavailable)
Stlth   ++........              f - amulet of reflection
HPRegen 1.04/turn               q - ring of fire
MPRegen 0.15/turn               M - ring of protection from fire

@: on berserk cooldown, slowed, very slow
A: large, unfitting armour, claws 3, regeneration 1, shaggy fur 1, tough skin 1
a: Renounce Religion, Evoke Blink, Berserk, Trog's Hand, Brothers in Arms


You were on level 9 of the Dungeon.
You worshipped Trog.
Trog was greatly pleased with you.
You visited 1 branch of the dungeon, and saw 9 of its levels.
You also visited: Ossuary.

You collected 496 gold pieces.

Inventory:

Hand Weapons
 i - a +2 quarterstaff of chaos
 w - a +0 hand crossbow
 x - the +5 spear of the Blushing Gods {vamp, rElec Int+4 Stlth+}
   (You found it on level 4 of the Dungeon)

   It occasionally heals its wielder for a portion of the damage dealt when it
   wounds a living foe.
   Int:       It affects your intelligence (+4).
   rElec:     It insulates you from electricity.
   Stlth:     It makes you more stealthy.
 D - a +1 war axe of electrocution
 I - the +4 flail "Goutedgh" (weapon) {vorpal, +Blink Will- Str+5}
   (You found it on level 8 of the Dungeon)

   It inflicts extra damage upon your enemies.
   Str:       It affects your strength (+5).
   +Blink:    It lets you blink.
   Will:      It decreases your willpower.
Missiles
 B - a throwing net (quivered)
Armour
 a - a +0 animal skin
 h - a +2 cloak (worn)
 H - the +1 robe of Youthful Indiscretion (worn) {MP+9 Int+3}
   (You found it on level 7 of the Dungeon)

   Int:       It affects your intelligence (+3).
   MP:        It affects your magic capacity (+9).
Jewellery
 f - an amulet of reflection (around neck)
 q - a ring of fire (left claw)
 M - a ring of protection from fire (right claw)
Wands
 m - a wand of polymorph (8)
 E - a wand of iceblast (16)
 L - a wand of charming (7)
Scrolls
 b - 4 scrolls of magic mapping
 d - 3 scrolls of fog
 e - a scroll of identify
 g - 8 scrolls of immolation
 j - 2 scrolls of fear {unknown}
 k - 3 scrolls of teleportation
 t - 3 scrolls of enchant weapon
 u - 4 scrolls of noise
 v - a scroll of enchant armour {unknown}
 y - a scroll of amnesia {unknown}
 A - a scroll of summoning {unknown}
 F - a scroll of poison {unknown}
 J - a scroll of brand weapon {unknown}
 N - a scroll of vulnerability {unknown}
Potions
 c - 2 potions of brilliance
 l - 8 potions of curing
 n - a potion of resistance {unknown}
 o - 2 potions of attraction {unknown}
 p - a potion of magic {unknown}
 r - a potion of lignification {unknown}
 s - a potion of ambrosia {unknown}
 z - 2 potions of heal wounds {unknown}
 C - 2 potions of flight {unknown}
 G - 3 potions of might {unknown}
 K - a potion of mutation {unknown}


   Skills:
 + Level 4.4 Fighting
 + Level 2.6 Maces & Flails
 + Level 5.8 Dodging
 + Level 1.8 Stealth
 + Level 3.2 Shields
 + Level 10.0 Unarmed Combat


You had 8 spell levels left.
You didn't know any spells.
Your spell library was empty.

Dungeon Overview and Level Annotations

Branches:
Dungeon (9/15)             Temple (0/1) D:5         Ossuary (visited)
   Lair: D:8-11         Orc: D:9-12

Altars:
Cheibriados
Elyvilon
Fedhas
Kikubaaqudgha
Sif Muna
Uskayaw
Vehumet
Wu Jian
Yredelemnul
The Shining One

Annotations:
D:9 Grum


Innate Abilities, Weirdness & Mutations

You are too large for most types of armour.
You have claws for hands.
Your natural rate of healing is unusually fast.
You are covered in fur. (AC +1)
You have tough skin. (AC +1)


Message History

You closely miss the wolf.
A wolf comes into view.
The wolf bites you! You block the wolf's attack. The wolf barely misses you.
You block the wolf's attack.
You barely miss the wolf.
You are no longer berserk.
You are exhausted.
You feel yourself slow down.
The wolf howls!
The wolf bites you but does no damage. You block the wolf's attack.
You barely miss the wolf. The wolf bites you but does no damage.
The wolf barely misses you. The wolf bites you. The wolf barely misses you.
Grum barely misses you. The wolf closely misses you.
The wolf barely misses you. You block the wolf's attack.
Grum barely misses you.
You hit the wolf.
The wolf is lightly wounded.
The wolf bites you. x2; The wolf closely misses you.
The wolf barely misses you. x2
You block the wolf's attack. Grum barely misses you.
The wolf bites you but does no damage. The wolf closely misses you.
The wolf bites you but does no damage. Grum closely misses you.
The wolf bites you.
As you read the scroll of fog, it crumbles to dust.
The scroll dissolves into smoke.
The wolf closely misses you. The wolf bites you but does no damage.
The wolf bites you. The wolf misses you. The wolf bites you.
The wolf barely misses you. The wolf bites you.
* * * LOW HITPOINT WARNING * * *
Grum hits you from afar with a +0 glaive!
* * * LOW HITPOINT WARNING * * *
The wolf bites you but does no damage. You block the wolf's attack.
The wolf bites you.
* * * LOW HITPOINT WARNING * * *
The wolf bites you but does no damage.
You closely miss the wolf.
The wolf bites you but does no damage. x5
The wolf barely misses you. The wolf bites you but does no damage.
Grum hits you but does no damage. The wolf closely misses you. x2
The wolf barely misses you. x2; Grum closely misses you.
The wolf bites you!
* * * LOW HITPOINT WARNING * * *
The wolf bites you!
You die... ########+### #§§§§....... #§§@h.# +.hhhg#

#......>.
............
...............
###............
#......^.....
#............


You could see Grum and 4 wolves.

Vanquished Creatures
  An efreet (D:9)
  A steam dragon (D:8)
  Duvessa (D:5)
  A water moccasin (D:8)
  2 orc warriors
  A sky beast (D:6)
  A centaur (D:6)
  A kobold brigand (D:6)
  An elf zombie (Ossuary)
  2 gnoll sergeants
  4 bullfrogs
  2 necrophages
  A scorpion (D:5)
  6 wights
  Dowan (D:5)
  A howler monkey (D:5)
  A jelly (D:6)
  A gnoll shaman (D:6)
  7 hounds
  Crazy Yiuf (D:2)
  A human zombie (Ossuary)
  3 orc priests (D:8)
  Jessica (D:3)
  5 iguanas
  10 orc wizards
  A hound zombie (Ossuary)
  4 mummies (Ossuary)
  15 gnolls
  6 adders
  4 white imps
  4 ufetubi
  2 adder zombies (Ossuary)
  2 worms (D:2)
  2 dart slugs
  23 orcs
  7 endoplasms
  3 giant cockroaches
  6 goblins
  7 hobgoblins
  7 kobolds
  2 quokkas
  6 ball pythons
  5 bats
  3 frilled lizards
  2 goblin zombies (Ossuary)
  A hobgoblin zombie (Ossuary)
  2 jackal zombies (Ossuary)
  2 kobold zombies (Ossuary)
  4 rats
  A rat zombie (D:4)
178 creatures vanquished.

Notes
Turn   | Place    | Note
-------+----------+-------------------------------------------
     0 | D:1      | happo123 the Troll Berserker began the quest for the Orb.
     0 | D:1      | Reached XP level 1. HP: 22/22 MP: 0/0
   245 | D:1      | Reached XP level 2. HP: 29/29 MP: 1/1
   842 | D:2      | Reached XP level 3. HP: 36/36 MP: 2/2
   889 | D:2      | Reached ** piety under Trog
   993 | D:2      | Found a runed translucent door.
   994 | D:2      | Noticed Crazy Yiuf
  1000 | D:2      | Killed Crazy Yiuf
  1066 | D:2      | Reached XP level 4. HP: 44/44 MP: 3/3
  1076 | D:2      | Found a shimmering blue altar of Sif Muna.
  1418 | D:3      | Reached skill level 4 in Unarmed Combat
  1568 | D:3      | Noticed Jessica
  1571 | D:3      | Killed Jessica
  1615 | D:3      | Found a faded altar of an unknown god.
  1984 | D:4      | Found a sand-covered staircase.
  1994 | Ossuary  | Entered an ossuary
  2008 | Ossuary  | Reached XP level 5. HP: 52/52 MP: 4/4
  2025 | Ossuary  | Reached skill level 5 in Unarmed Combat
  2038 | Ossuary  | Reached XP level 6. HP: 59/61 MP: 5/5
  2411 | D:4      | Identified the +5 spear of the Blushing Gods {vamp, rElec
                  | Int+4 Stlth+}
  2630 | D:4      | Reached *** piety under Trog
  2631 | D:4      | Reached skill level 1 in Shields
  2680 | D:5      | Entered Level 5 of the Dungeon
  2731 | D:5      | Found a staircase to the Ecumenical Temple.
  2796 | D:5      | Found a glowing golden altar of the Shining One.
  2889 | D:5      | Reached skill level 6 in Unarmed Combat
  2889 | D:5      | Reached XP level 7. HP: 66/67 MP: 6/6
  2943 | D:5      | Found a blossoming altar of Fedhas.
  3199 | D:5      | Noticed Duvessa
  3202 | D:5      | Noticed Dowan
  3210 | D:5      | Killed Dowan
  3212 | D:5      | Killed Duvessa
  3215 | D:5      | HP: 3/67 [poisoned by Duvessa]
  3515 | D:6      | Reached skill level 1 in Stealth
  3515 | D:6      | Reached skill level 7 in Unarmed Combat
  3569 | D:6      | Reached XP level 8. HP: 75/75 MP: 7/7
  3591 | D:6      | Found a basalt altar of Yredelemnul.
  3591 | D:6      | Found a snail-covered altar of Cheibriados.
  3670 | D:6      | Found an ornate altar of the Wu Jian Council.
  3875 | D:6      | Reached skill level 8 in Unarmed Combat
  4015 | D:6      | Found a hide-covered altar of Uskayaw.
  4055 | D:6      | Reached **** piety under Trog
  4060 | D:6      | Reached skill level 5 in Dodging
  4635 | D:7      | Reached skill level 9 in Unarmed Combat
  4670 | D:7      | Found an ancient bone altar of Kikubaaqudgha.
  4681 | D:7      | Found a shimmering blue altar of Sif Muna.
  4685 | D:7      | Reached XP level 9. HP: 83/83 MP: 8/8
  4696 | D:7      | Found a radiant altar of Vehumet.
  4747 | D:7      | Found a white marble altar of Elyvilon.
  4864 | D:7      | Identified the +1 robe of Youthful Indiscretion {MP+9
                  | Int+3}
  5587 | D:8      | Identified the +4 flail "Goutedgh" {vorpal, +Blink Will-
                  | Str+5}
  5821 | D:8      | Reached skill level 1 in Maces & Flails
  5905 | D:8      | Reached skill level 10 in Unarmed Combat
  6410 | D:9      | Noticed an efreet
  6414 | D:9      | Noticed Grum
  6416 | D:9      | Killed an efreet
  6424 | D:9      | Slain by a wolf

Illustrated notes

Levels and vault maps discovered:
D:1:      lightli_arrival_maybe_door_vault, layout_rooms, minmay_cut_off
D:2:      layout_loops_ring, basic_altar, uniq_crazy_yiuf_cottage
D:3:      layout_loops_cross, dilly_ecumenical_altar_fadedgnrine, uniq_jessica
D:4:      layout_basic, enter_ossuary_3
D:5:      layout_loops_ring, nicolae_tso_swordbearing_angel,
          overflow_temple_1_default, temple_fountains, minmay_misc_feat_square,
          uniq_duvessa
D:6:      layout_basic, kennysheep_little_box, general_overflow_altar,
          grunt_temple_overflow_open, minmay_pentangle
D:7:      layout_layer_cave, palyth_temple_overflow_mages,
          mainiacjoe_overflow_boulevard, minivault_26
D:8:      layout_loops_ring, patterned_corridor
D:9:      lemuel_ice_spiral_2, layout_stronghold, mainiacjoe_overflow_alcove_2,
          lemuel_round_altar, uniq_grum, uniq_psyche

Skill      XL: |  1  2  3  4  5  6  7  8  9 |
---------------+----------------------------+-----
Dodging        | 3 4 5 |  5.8
Unarmed Combat | 4 5 6 7 9 10 | 10.0
Fighting       | 3 4 |  4.4
Shields        | 1 2 3 |  3.2
Stealth        | 1 |  1.8
Maces & Flails | 2 |  2.6

Action                   |  1- 3 |  4- 6 |  7- 9 || total
-------------------------+-------+-------+-------++-------
Melee: Unarmed           |    80 |   164 |   232 ||   476
       Punch             |       |     3 |     4 ||     7
       Flail             |       |       |    83 ||    83
Invok: Berserk           |     1 |     1 |     3 ||     5
  Use: Scroll            |       |     3 |     5 ||     8
       Potion            |       |     1 |     1 ||     2
 Stab: Sleeping          |     2 |     1 |     4 ||     7
Armor: Animal skin       |    22 |    78 |    44 ||   144
       Robe              |       |       |    61 ||    61
Dodge: Dodged            |    23 |    92 |   117 ||   232
Block: Other             |     9 |    42 |    61 ||   112
       Reflection        |       |     1 |     2 ||     3

Table legend: (Time is in decaauts)
 A = Elapsed time spent in this place.
 B = Non-inter-level travel time spent in this place.
 C = Inter-level travel time spent in this place.
 D = Time resting spent in this place.
 E = Time spent auto-exploring this place.
 F = Levels seen in this place.
 G = Mean time per level.
                   A        B        C        D        E       F      G
               +--------+--------+--------+--------+--------+-----+--------+
         Total |   6423 |   5105 |   1318 |      0 |   3767 |  10 |  642.3 |
       Dungeon |   6231 |   4913 |   1318 |      0 |   3767 |   9 |  692.3 |
       Ossuary |    192 |    192 |      0 |      0 |      0 |   1 |  192.0 |
               +--------+--------+--------+--------+--------+-----+--------+

Top non-repeatable levels by time:
     D:7: 1159 daAuts
     D:6: 887 daAuts
     D:8: 861 daAuts
     D:5: 821 daAuts
     D:3: 720 daAuts
     D:2: 611 daAuts
     D:4: 606 daAuts
     D:1: 547 daAuts
 Ossuary: 192 daAuts
     D:9: 14 daAuts
